 Dungeon Crawl Stone Soup version 0.17-a0-2064-g265a032 (webtiles) character file.

39 derrpe the Vexing (level 3, 0/26 HPs)
             Began as a Formicid Arcane Marksman on Oct 13, 2015.
             Slain by an adder (1 damage)
             ... on level 2 of the Dungeon.
             The game lasted 00:04:06 (1705 turns).

derrpe the Vexing (Formicid Arcane Marksman)        Turns: 1705, Time: 00:04:07

Health: 0/26       AC:  2    Str: 15    XL:     3   Next: 70%
Magic:  1/1        EV: 12    Int: 13    God:
Gold:   43         SH:  0    Dex: 10    Spells: 2 memorised, 1 level left

rFire  . . .     SeeInvis +     b - +2 short sword (antimagic)
rCold  . . .     Clarity  .     c - +0 robe
rNeg   . . .     SustAt   .     (no shield)
rPois  .         Gourm    .     (helmet unavailable)
rElec  .         Spirit   .     (no cloak)
rCorr  .         Warding  .     (no gloves)
rMut   .         Stasis   +     (no boots)
MR     .....                    (no amulet)
Stlth  +.........               (no ring)
                                (no ring)

@: lethally poisoned (0 -> -8), not resistant to hostile enchantments, very
unstealthy
A: permanent stasis, dig shafts and tunnels, four strong arms, antennae 3
a: Dig, Shaft Self


You were on level 2 of the Dungeon.
You were hungry.

You visited 1 branch of the dungeon, and saw 2 of its levels.

You collected 43 gold pieces.

Inventory:

Hand Weapons
 a - a +0 hand crossbow
 b - a +2 antimagic short sword (weapon)
 l - a +0 vampiric short sword
Missiles
 h - 20 bolts
 p - 6 stones (quivered)
Armour
 c - a +0 robe (worn)
Jewellery
 k - an uncursed amulet of resist corrosion {unknown}
Scrolls
 g - a scroll of teleportation {unknown}
 i - a scroll of amnesia {unknown}
 m - a scroll of magic mapping {unknown}
 n - a scroll of recharging {unknown}
 o - a scroll of identify {unknown}
Potions
 f - a potion of curing {unknown}
Books
 d - a book of Debilitation

   Spells                             Type                      Level
   a - Corona                         Hexes                        1
   b - Slow                           Hexes                        2
   c - Gell's Gravitas                Hexes/Translocation          3
   d - Inner Flame                    Hexes/Fire                   3
   e - Cause Fear                     Hexes                        4
   f - Leda's Liquefaction            Hexes/Earth                  4
Comestibles
 e - a bread ration {@e1}
 j - a meat ration {@e2}
 q - a slice of pizza
 r - 3 chunks of flesh {@w0}


   Skills:
 - Level 1.1 Fighting
 - Level 2.0 Crossbows
 - Level 1.7 Dodging
 - Level 1.1 Spellcasting
 + Level 5.3 Hexes


You had one spell level left.
You knew the following spells:

 Your Spells              Type           Power        Failure   Level  Hunger
a - Corona                Hex            ##.....      3%          1    ##.....
b - Slow                  Hex            ##......     6%          2    ###....


Dungeon Overview and Level Annotations

Branches:
Dungeon (2/15)

Altars:


Innate Abilities, Weirdness & Mutations

You are under a permanent stasis effect.
You can dig through walls and to a lower floor.
Your four strong arms can wield two-handed weapons with a shield.
You have a pair of large antennae on your head (SInv).


Message History

You feel sick. The rat misses you. The adder bites you but does no damage.
You closely miss the adder.
The adder is heavily wounded.
The adder closely misses you. The rat misses you.
You hit the adder.
The adder is almost dead.
You feel sick. The adder bites you. The rat bites you. The adder bites you.
* * * LOW HITPOINT WARNING * * *
You closely miss the adder.
The adder is almost dead.
The rat bites you.
* * * LOW HITPOINT WARNING * * *
The adder barely misses you.
You closely miss the adder.
The adder is almost dead.
The adder bites you.
* * * LOW HITPOINT WARNING * * *
You are more poisoned.
The adder poisons you! The rat completely misses you. The adder bites you.
You die...

#. #.# #.# #.#
#.###)########
#.............
#.....)...####
#.......(.#
#.........####..
########r......<...!...
#(....S@.........##....
#(######........... . .
#(.......(.#.g
#.%........# #.l
####(#####.# . #.# .#
... .. ..


You could see an adder and a rat.

Vanquished Creatures
  An adder (D:2)
  5 goblins
  3 hobgoblins (D:1)
  6 bats
  A giant gecko (D:1)
  2 giant newts
  6 jackals
  3 kobolds (D:1)
  4 rats (D:1)
31 creatures vanquished.

Notes
Turn   | Place    | Note
--------------------------------------------------------------
     0 | D:1      | derrpe the Formicid Arcane Marksman began the quest for the Orb.
     0 | D:1      | Reached XP level 1. HP: 15/15 MP: 2/2
   157 | D:1      | Reached skill level 4 in Hexes
   306 | D:1      | Reached XP level 2. HP: 15/21 MP: 1/3
  1226 | D:1      | Learned a level 2 spell: Slow
  1243 | D:1      | Reached XP level 3. HP: 23/26 MP: 1/4
  1298 | D:1      | Reached skill level 5 in Hexes
  1705 | D:2      | HP: 1/26 [adder (2)]
  1705 | D:2      | Slain by an adder

Vault maps used:
D:1:      minmay_arrival_open_corners
D:2:      lemuel_blue_sif_altar, st_stairs_13, minmay_crystal_room

Action                   || total
-------------------------++-------
Melee: Short sword       ||   107
 Fire: Hand crossbow     ||     5
Throw: Stone             ||    16
 Stab: Sleeping          ||     1
  Eat: Chunk             ||     2
